 Dungeon Crawl Stone Soup version 0.27.0-1-g7a089689b8 (webtiles) character file.

Game seed: 15171665982441818131

498 0gre the Chiller (level 7, 0/50 HPs)
             Began as a Gnoll Ice Elementalist on Aug 5, 2021.
             Slain by a sky beast (1 damage)
             ... on level 7 of the Dungeon.
             The game lasted 00:15:08 (3926 turns).

0gre the Chiller (Gnoll Ice Elementalist)           Turns: 3926, Time: 00:15:09

Health: 0/50       AC:  4    Str:  8    XL:     7   Next: 16%
Magic:  13/15      EV: 15    Int: 16    God:
Gold:   209        SH:  0    Dex: 18    Spells: 13/17 levels left

rFire    . . .     SeeInvis .   a - +0 war axe
rCold    . . .     Faith    .   (no shield)
rNeg     . . .     Spirit   .   d - +0 robe
rPois    .         Reflect  .   p - +0 helmet
rElec    .         Harm     .   s - +0 cloak
rCorr    .         Rampage  .   (no gloves)
Will     .....                  (no boots)
Stlth    +++.......             w - amulet of magic regeneration
HPRegen  0.16/turn              E - +6 ring of dexterity
MPRegen  0.39/turn              (no ring)

@: freezing walls
A: fangs 1, strong nose, distributed training
a: no special abilities


You were on level 7 of the Dungeon.
You visited 1 branch of the dungeon, and saw 5 of its levels.

You collected 209 gold pieces.

Inventory:

Hand Weapons
 a - a +0 war axe (weapon)
 c - a +0 trident
Missiles
 b - 95 sling bullets
 e - 36 bolts
 i - 31 arrows
 o - 9 boomerangs (quivered)
 D - 74 stones
Armour
 d - a +0 robe (worn)
 p - a +0 helmet (worn)
 s - a +0 cloak (worn)
Jewellery
 w - an amulet of magic regeneration (around neck)
 E - a +6 ring of dexterity (left hand)
Wands
 r - a wand of digging (6)
 t - a wand of mindburst (20)
 x - a wand of flame (16)
Scrolls
 f - 4 scrolls of identify {unknown}
 h - a scroll of silence {unknown}
 k - a scroll of noise {unknown}
 l - a scroll of enchant weapon {unknown}
 n - 2 scrolls of fear {unknown}
 u - 2 scrolls of blinking {unknown}
 y - a scroll of teleportation {unknown}
 B - a scroll of magic mapping {unknown}
 C - a scroll of amnesia {unknown}
Potions
 g - 2 potions of degeneration {unknown}
 j - 2 potions of berserk rage {unknown}
 m - 3 potions of curing {unknown}
 q - 2 potions of brilliance {unknown}
 v - a potion of flight {unknown}
 z - a potion of attraction {unknown}
 A - a potion of heal wounds {unknown}


   Skills:
 + Level 2.3 Fighting
 + Level 2.3 Short Blades
 + Level 2.3 Long Blades
 + Level 2.3 Axes
 + Level 2.3 Maces & Flails
 + Level 2.3 Polearms
 + Level 2.3 Staves
 + Level 2.3 Slings
 + Level 2.3 Bows
 + Level 2.3 Crossbows
 + Level 2.3 Throwing
 + Level 2.3 Armour
 + Level 5.1 Dodging
 + Level 4.8 Stealth
 + Level 2.3 Shields
 + Level 2.3 Unarmed Combat
 + Level 5.5 Spellcasting
 + Level 1.8 Conjurations
 + Level 1.8 Hexes
 + Level 1.8 Summonings
 + Level 1.8 Necromancy
 + Level 1.8 Translocations
 + Level 1.8 Transmutations
 + Level 1.8 Fire Magic
 + Level 7.3 Ice Magic
 + Level 1.8 Air Magic
 + Level 1.8 Earth Magic
 + Level 1.8 Poison Magic
 + Level 2.5 Invocations
 + Level 2.3 Evocations


You had 13 spell levels left.
You knew the following spells:

 Your Spells              Type           Power      Damage    Failure   Level
a - Freeze                Ice            100%       1d11      1%          1
b - Frozen Ramparts       Ice            56%        1d7       1%          3

Your spell library contained the following spells:

 Spells                   Type           Power      Damage    Failure   Level
 Ozocubu's Armour         Ice            28%        N/A       1%          3
 Hailstorm                Conj/Ice       19%        3d6       22%         4
 Leda's Liquefaction      Hex/Erth       5%         N/A       54%         4
 Bolt of Magma            Conj/Fire/Erth 5%         4d5       88%         5
 Statue Form              Tmut/Erth      6%         N/A       100%        6


Dungeon Overview and Level Annotations

Branches:
Dungeon (4/15)
 Temple: D:4-7

Altars:
Qazlal


Innate Abilities, Weirdness & Mutations

You have very sharp teeth.
Your uncanny sense of smell can sniff out nearby items.
Your experience applies equally to all skills.


Message History

You hit the white imp but do no damage. Your bite misses the white imp.
The white imp is severely wounded.
The white imp closely misses you.
You hit the white imp but do no damage.
The white imp is severely wounded.
You closely miss the sky beast. The sky beast misses you.
You barely miss the white imp.
You bite the white imp, but do no damage.
You hit the white imp.
You kill the white imp!
You closely miss the sky beast. The white imp barely misses you.
The sky beast hits you. The sky beast shocks you.
The white imp barely misses you.
You hit the white imp.
You bite the white imp, but do no damage.
The white imp is moderately wounded.
You hit the sky beast. The sky beast misses you. The white imp gestures at you.
The puff of frost hits you!
* * * LOW HITPOINT WARNING * * *
The sky beast hits you but does no damage.
The white imp gestures at you. The puff of frost hits you!
* * * LOW HITPOINT WARNING * * *
Casting: Frozen Ramparts (safe; 1% risk of failure)
Confirm with . or Enter, or press ? or * to list all spells.
Casting: Frozen Ramparts (safe; 1% risk of failure)
Press: ? - help, Dir - look around, f - activate The walls around you are covered in ice.
The white imp resists.
The wall freezes the white imp.
The wall freezes the sky beast.
The sky beast closely misses you.
You closely miss the sky beast.
The sky beast is lightly wounded.
You barely miss the white imp.
The white imp completely resists.
The wall freezes the white imp but does no damage.
The white imp gestures at you. The puff of frost hits you.
* * * LOW HITPOINT WARNING * * *
The wall freezes the sky beast.
The sky beast hits you.
You die...

## .## #. ... # #
#.#### ∆ ..#.# #.
#.#.. #.#.#
..##.#.######.#(##
........@Y.....####
#...##..5.........
#...######.#..###
#...# ####.# #
#...###...5#
#....Y..5..#
#..####....#
#..........#
##.#####.###


You could see a sky beast and a white imp.

Vanquished Creatures
  A necrophage (D:4)
  A scorpion (D:4)
  A water moccasin skeleton (D:4)
  Crazy Yiuf (D:2)
  4 orc wizards
  Robin (D:2)
  3 adders
  A white imp (D:7)
  An adder skeleton (D:4)
  2 worms
  A dart slug (D:1)
  23 orcs
  4 ball pythons
  5 bats
  5 endoplasms
  A giant cockroach (D:1)
  15 goblins
  11 hobgoblins
  11 jackals (D:1)
  5 kobolds
  5 quokkas
  4 frilled lizards
  7 rats
113 creatures vanquished.

Notes
Turn   | Place    | Note
-------+----------+-------------------------------------------
     0 | D:1      | 0gre the Gnoll Ice Elementalist began the quest for the
                  | Orb.
     0 | D:1      | Reached XP level 1. HP: 13/13 MP: 6/6
   112 | D:1      | Reached XP level 2. HP: 18/19 MP: 3/7
   428 | D:1      | Reached XP level 3. HP: 21/25 MP: 7/9
   432 | D:1      | Reached skill level 5 in Spellcasting
   437 | D:1      | Learned a level 3 spell: Frozen Ramparts
   819 | D:1      | Reached skill level 1 in Invocations
  1172 | D:2      | Reached skill level 1 in Fighting
  1172 | D:2      | Reached skill level 1 in Short Blades
  1172 | D:2      | Reached skill level 1 in Long Blades
  1172 | D:2      | Reached skill level 1 in Axes
  1172 | D:2      | Reached skill level 1 in Maces & Flails
  1172 | D:2      | Reached skill level 1 in Polearms
  1172 | D:2      | Reached skill level 1 in Staves
  1172 | D:2      | Reached skill level 1 in Slings
  1172 | D:2      | Reached skill level 1 in Bows
  1172 | D:2      | Reached skill level 1 in Crossbows
  1172 | D:2      | Reached skill level 1 in Throwing
  1172 | D:2      | Reached skill level 1 in Armour
  1172 | D:2      | Reached skill level 1 in Shields
  1172 | D:2      | Reached skill level 1 in Unarmed Combat
  1172 | D:2      | Reached skill level 1 in Evocations
  1174 | D:2      | Reached XP level 4. HP: 28/32 MP: 7/11
  1258 | D:2      | Noticed Robin
  1269 | D:2      | Reached skill level 1 in Conjurations
  1269 | D:2      | Reached skill level 1 in Hexes
  1269 | D:2      | Reached skill level 1 in Summonings
  1269 | D:2      | Reached skill level 1 in Necromancy
  1269 | D:2      | Reached skill level 1 in Translocations
  1269 | D:2      | Reached skill level 1 in Transmutations
  1269 | D:2      | Reached skill level 1 in Fire Magic
  1269 | D:2      | Reached skill level 1 in Air Magic
  1269 | D:2      | Reached skill level 1 in Earth Magic
  1269 | D:2      | Reached skill level 1 in Poison Magic
  1272 | D:2      | Killed Robin
  1512 | D:2      | Found a runed translucent door.
  1513 | D:2      | Noticed Crazy Yiuf
  1522 | D:2      | Killed Crazy Yiuf
  1523 | D:2      | Reached XP level 5. HP: 24/37 MP: 8/12
  2720 | D:4      | Reached XP level 6. HP: 44/44 MP: 13/13
  2925 | D:4      | Reached skill level 5 in Dodging
  3015 | D:4      | Found a stormy altar of Qazlal.
  3016 | D:4      | Noticed a water elemental
  3016 | D:4      | Noticed an air elemental
  3016 | D:4      | Noticed a fire elemental
  3709 | D:4      | Noticed a necrophage
  3724 | D:4      | Killed a necrophage
  3725 | D:4      | Reached XP level 7. HP: 35/50 MP: 11/15
  3899 | D:4      | You fall into a shaft and drop 3 floors!
  3926 | D:7      | HP: 1/50 [white imp/puff of frost (6)]
  3926 | D:7      | Slain by a sky beast

Illustrated notes

Levels and vault maps discovered:
D:1:      pf_arrival_petrified_forest, layout_basic
D:2:      layout_basic, uniq_crazy_yiuf_cottage, uniq_robin
D:3:      layout_basic, serial_park_tiny_1, serial_park_tiny_1,
          minmay_misc_feat_secret_circle, hangedman_abyss_or_decor_stabs
D:4:      layout_gridville, nicolae_qazlal_style_of_elements,
          minmay_misc_feat_pillars, kennysheep_nub,
          corexii_item_surrounded_by_moat, minmay_misc_feat_plants
D:7:      layout_loops_ring

Skill      XL: |  1  2  3  4  5  6 |
---------------+-------------------+-----
Spellcasting   | 5 |  5.5
Invocations    | 1 2 |  2.5
Fighting       | 1 2 |  2.3
Short Blades   | 1 2 |  2.3
Long Blades    | 1 2 |  2.3
Axes           | 1 2 |  2.3
Maces & Flails | 1 2 |  2.3
Polearms       | 1 2 |  2.3
Staves         | 1 2 |  2.3
Slings         | 1 2 |  2.3
Bows           | 1 2 |  2.3
Crossbows      | 1 2 |  2.3
Throwing       | 1 2 |  2.3
Armour         | 1 2 |  2.3
Shields        | 1 2 |  2.3
Unarmed Combat | 1 2 |  2.3
Evocations     | 1 2 |  2.3
Conjurations   | 1 |  1.8
Hexes          | 1 |  1.8
Summonings     | 1 |  1.8
Necromancy     | 1 |  1.8
Translocations | 1 |  1.8
Transmutations | 1 |  1.8
Fire Magic     | 1 |  1.8
Air Magic      | 1 |  1.8
Earth Magic    | 1 |  1.8
Poison Magic   | 1 |  1.8
Dodging        | 5 |  5.1
Stealth        | |  4.8
Ice Magic      | |  7.3

Action                   |  1- 3 |  4- 6 |  7- 9 || total
-------------------------+-------+-------+-------++-------
Melee: Dagger            |    62 |       |       ||    62
       Bite              |     5 |     8 |     2 ||    15
       Punch             |     1 |     2 |       ||     3
       Short sword       |    28 |       |       ||    28
       Flail             |       |    26 |       ||    26
       War axe           |       |    86 |    11 ||    97
Throw: Boomerang         |       |     3 |     6 ||     9
 Cast: Freeze            |    11 |     5 |       ||    16
       Frozen Ramparts   |     2 |    15 |     2 ||    19
 Stab: Sleeping          |     4 |     9 |       ||    13
Armor: Robe              |    26 |    40 |     1 ||    67
Dodge: Dodged            |    60 |    82 |    13 ||   155
